cohdb
Replays
Latest Replays
All Replays
Popular Replays
Top Player Replays
Match Explorer
How It Works
Community
CoH3 Stats
Reddit
Sign in to upload your games and track your stats! →
Sign in with Steam
Match 38035935
Unlisted
Match 38035935
Overview
Messages
Build Orders
End
Panzergrenadier Squad
Panzergrenadier Squad
Selects Battlefield Espionage Battlegroup
Kradschützen Motorcycle Team
Panzergrenadier Squad
Construct Light Support Kompanie
Fire Support Elements
Selects 250/3 Funkpanzerwagen
2.5-tonne Medical Truck
le.IG 18 Mechanized Group
Selects Anti-Tank Incendiary Munitions
Construct Panzerarmee Kommand
Panzer III L Medium Tank
2.5-tonne Medical Truck
Walking Stuka Rocket Launcher
Veteran Squad Leaders
Pak 38 Mechanized Group
Walking Stuka Rocket Launcher
TieLien
Minigunner
LuckyStrikeMan_Return
(SCJ)Wraith
[=M$=]Bonello10
[GG]Onkel Stonkel
Torchb737
[GG]Quiq
0
0
Comments
sign in to comment!
No comments posted yet!